 Dungeon Crawl Stone Soup version 0.29.1-2-gbd0b4ee654 (webtiles) character file.

Game seed: 15992823253829525463

100 xian the Grasshopper (level 4, -2/34 HPs)
             Began as a Demonspawn Warper on Nov 28, 2022.
             Killed from afar by an orc wizard (7 damage)
             ... with a magic dart
             ... on level 3 of the Dungeon.
             The game lasted 00:04:15 (2298 turns).

xian the Grasshopper (Demonspawn Warper)            Turns: 2298, Time: 00:04:15

Health: -2/34      AC:  3    Str: 17    XL:     4   Next: 47%
Magic:  7/7        EV:  7    Int: 14    God:
Gold:   82         SH: 10    Dex: 11    Spells: 5/7 levels left

rFire   . . .      SeeInvis .   a - +0 short sword
rCold   . . .      Faith    .   p - +0 tower shield
rNeg    . . .      Spirit   .   b - +0 leather armour
rPois   .          Reflect  .   (helmet restricted)
rElec   .          Harm     .   (no cloak)
rCorr   .          Rampage  .   (no gloves)
Will    .....                   (no boots)
Stlth   +.........              (no amulet)
HPRegen 0.11/turn               (no ring)
MPRegen 0.10/turn               (no ring)

@: no status effects
A: hooves 2, horns 1, strong 1
a: no special abilities


You were on level 3 of the Dungeon.
You visited 1 branch of the dungeon, and saw 3 of its levels.

You collected 82 gold pieces.

Inventory:

Hand Weapons
 a - a +0 short sword (weapon)
Missiles
 d - 7 boomerangs of dispersal
 u - 2 poisoned darts (quivered)
Armour
 b - a +0 leather armour (worn)
 p - a +0 tower shield (worn)
 t - a +0 plate armour
Wands
 e - a wand of flame (27)
Scrolls
 c - 2 scrolls of blinking
 i - a scroll of poison {unknown}
 l - a scroll of enchant weapon {unknown}
 m - a scroll of identify {unknown}
 n - 2 scrolls of vulnerability {unknown}
 r - a scroll of fear {unknown}
 s - a scroll of noise {unknown}
Potions
 g - a potion of haste {unknown}
 h - a potion of flight
 j - a potion of resistance {unknown}
 k - a potion of lignification {unknown}
 o - a potion of curing
 q - a potion of mutation


   Skills:
 + Level 2.7 Fighting
 + Level 2.0 Short Blades
 + Level 0.8 Throwing
 + Level 2.0 Armour
 + Level 2.2 Dodging
 + Level 0.3 Stealth
 * Level 1.2 Shields
 + Level 2.1 Spellcasting
 + Level 3.0 Translocations


You had 5 spell levels left.
You knew the following spells:

 Your Spells              Type           Power      Damage    Failure   Level
a - Blink                 Tloc           20%        N/A       89%         2

Your spell library contained the following spells:

 Spells                   Type           Power      Damage    Failure   Level
 Gell's Gravitas          Tloc           10%        N/A       98%         3
 Lesser Beckoning         Tloc           10%        N/A       98%         3
 Teleport Other           Tloc           10%        N/A       98%         3
 Poisonous Vapours        Pois/Air       2%         N/A       100%        2
 Corpse Rot               Necr/Pois/Air  1%         N/A       100%        4
 Manifold Assault         Tloc           10%        N/A       100%        5


Dungeon Overview and Level Annotations

Branches:
Dungeon (3/15)

Altars:


Innate Abilities, Weirdness & Mutations

You have hoof-like feet.
You have a pair of small horns on your head.
Your muscles are strong. (Str +4, Int/Dex -1)


Message History

The orc wizard is moderately wounded.
The orc wizard casts a spell.
The orc wizard flickers and vanishes!
Deactivating autopickup; reactivate with Ctrl-A.
Unknown command.
You hit something but do no damage. Your kick misses something.
You headbutt something!
You hear some strange, mumbled words.
Something tries to affect you, but you resist.
You hear some strange, mumbled words.
You are confused.
Unknown command.
Unknown command.
You're too confused to move!
You hear some strange, mumbled words.
You are more confused.
You hear a shout!
You bump into the rock wall.
Something hits you.
You miss something. Your headbutt misses something.
An orc comes into view. It is wielding a +0 dagger.
Something hits you. The orc barely misses you.
There is a stone staircase leading up here.
The orc hits you but does no damage. Something hits you.
In your confused state, you trip and fall back down the stairs.
The orc hits you but does no damage. Something hits you but does no damage.
Unknown command.
The orc hits you with a +0 mace. Something hits you.
In your confused state, you trip and fall back down the stairs.
Something hits you. The orc barely misses you.
Unknown command.
Something hits you. The orc hits you with a +0 mace.
* * * LOW HITPOINT WARNING * * *
In your confused state, you trip and fall back down the stairs.
* * * LOW HITPOINT WARNING * * *
You feel less confused. You block the orc's attack.
You hear some strange, mumbled words.
A magic dart appears from out of thin air!
The magic dart hits you!
You die...

#.#....#......#
#.#...........#
#.#.#.#.#.....#
#.#.........#'###+#
#.#...#.....#.....#
#.##.##..#+##.###.#
#.>.........#.(...#
#.#.....###o'.._..+
#.########@##.....#
#........{.##.###.#
#############.....#
##'###+# #......#
#.###### #o# #[#
#.#


You could see an orc.

Vanquished Creatures
  A scorpion (D:3)
  A dart slug (D:1)
  An orc (D:3)
  4 ball pythons
  8 endoplasms
  4 giant cockroaches
  2 hobgoblins
  A quokka (D:2)
  4 bats
  2 frilled lizards (D:2)
  2 goblins (D:2)
  2 kobolds
  A rat (D:2)
33 creatures vanquished.

Notes
Turn   | Place    | Note
-------+----------+-------------------------------------------
     0 | D:1      | xian the Demonspawn Warper began the quest for the Orb.
     0 | D:1      | Reached XP level 1. HP: 16/16 MP: 3/3
   613 | D:1      | Gained mutation: You have large cloven feet. [demonic
                  | ancestry]
   613 | D:1      | Reached XP level 2. HP: 20/23 MP: 5/5
   868 | D:1      | Reached skill level 3 in Translocations
   873 | D:1      | Reached skill level 1 in Armour
   883 | D:1      | Learned a level 2 spell: Blink
  1335 | D:2      | Reached XP level 3. HP: 8/28 MP: 6/6
  1947 | D:3      | Noticed a scorpion
  1950 | D:3      | Gained mutation: You have a pair of small horns on your
                  | head. [potion of mutation]
  1950 | D:3      | Gained mutation: Your muscles are strong. (Str +4, Int/Dex
                  | -1) [potion of mutation]
  1956 | D:3      | Killed a scorpion
  1957 | D:3      | Reached skill level 1 in Shields
  1957 | D:3      | Gained mutation: You have hoof-like feet. [demonic
                  | ancestry]
  1957 | D:3      | Reached XP level 4. HP: 11/34 MP: 7/7
  2298 | D:3      | Killed from afar by an orc wizard

Illustrated notes

Levels and vault maps discovered:
D:1:      heliophobic_arrival_ceremonial_halls, layout_loops_cross, hex_medium
D:2:      layout_rooms, minmay_pentomino_u4
D:3:      layout_basic, mainiacjoe_overflow_six_doors_small,
          general_overflow_altar, nrook_uturn, st_stairs_4

Skill      XL: |  1  2  3  4 |
---------------+-------------+-----
Translocations | 3 |  3.0
Armour         | 1 2 |  2.0
Short Blades   | 2 |  2.0
Dodging        | 2 |  2.2
Shields        | 1 |  1.2
Fighting       | |  2.7
Throwing       | |  0.8
Stealth        | |  0.3
Spellcasting   | |  2.1

Action                   |  1- 3 |  4- 6 || total
-------------------------+-------+-------++-------
Melee: Short sword       |   112 |     8 ||   120
       Kick              |    25 |     1 ||    26
       Headbutt          |       |     1 ||     1
Throw: Dart              |       |     2 ||     2
  Use: Potion            |     5 |       ||     5
Armor: Leather armour    |    50 |     4 ||    54
Dodge: Dodged            |    66 |     2 ||    68
Block: Tower shield      |    32 |     3 ||    35
